 Dungeon Crawl Stone Soup version 0.30-a0-223-gcb0039aa0c (webtiles) character file.

Game seed: 7462694322511935270

4 qw the Shield-Bearer (level 1, -3/14 HPs)
             Began as a Gargoyle Fighter on Oct 9, 2022.
             Slain by a gnoll
             ... wielding a +0 spear
              (5 damage)
             ... on level 1 of the Dungeon.
             The game lasted 00:00:04 (237 turns).

qw the Shield-Bearer (Gargoyle Fighter)              Turns: 237, Time: 00:00:05

Health: -3/14      AC:  9    Str: 19    XL:     1   Next: 70%
Magic:  1/1        EV:  9    Int:  8    God:
Gold:   15         SH:  4    Dex:  9    Spells: 0/0 levels left

rFire   . . .      SeeInvis .    a - +0 war axe
rCold   . . .      Faith    .    c - +0 buckler
rNeg    + . .      Spirit   .    b - +0 scale mail
rPois   inf        Reflect  .    (no helmet)
rElec   +          Harm     .    (no cloak)
rCorr   .          Rampage  .    (no gloves)
Will    .....                    (no boots)
Stlth   ..........               (no amulet)
HPRegen 0.22/turn                (no ring)
MPRegen 0.07/turn                (no ring)

@: no status effects
A: sickness immunity, AC +2, negative energy resistance 1, electricity
resistance, torment resistance 1, petrification resistance
a: no special abilities


You were on level 1 of the Dungeon.
You visited 1 branch of the dungeon, and saw 1 of its levels.

You collected 15 gold pieces.


Innate Abilities, Weirdness & Mutations

You are immune to sickness and miasma.
Your stone body is resilient. (AC +2)
You are immune to poison.
You resist negative energy. (rN+)
You are resistant to electric shocks. (rElec)
You are resistant to unholy torment.
You are immune to petrification.


   Skills:
 - Level 3.2 Fighting
 + Level 2.2 Axes
 - Level 3.2 Armour
 - Level 3.2 Shields


You couldn't memorise any spells.
You didn't know any spells.
Your spell library was empty.

Inventory:

Hand Weapons
 a - a +0 war axe (weapon)
 h - a +0 whip
Armour
 b - a +0 scale mail (worn)
 c - a +0 buckler (worn)
 f - a +0 chain mail
Scrolls
 e - a scroll of magic mapping {unknown}
 g - a scroll of silence {unknown}
 i - a scroll of enchant weapon {unknown}
Potions
 d - a potion of might

Dungeon Overview and Level Annotations

Branches:
Dungeon (1/15)

Altars:


Message History

A kobold comes into view. It is wielding a +0 whip.
The kobold shouts!
You hit the kobold.
You kill the kobold!
You block the kobold's attack.
You hit the kobold but do no damage. The kobold barely misses you.
You barely miss the kobold. The kobold barely misses you.
You block the kobold's attack.
You hit the kobold.
The kobold is moderately wounded.
You block the kobold's attack.
You hit the kobold.
The kobold is severely wounded.
The kobold hits you but does no damage. The kobold hits you with a +0 whip.
You slash the kobold!
You kill the kobold!
You start resting.
HP restored.
h - a +0 whip
Items here: %% ( ).
There is a fountain of clear blue water here.
You now have 15 gold pieces.
i - a scroll labelled LAOTYD OGGAHAG
Found a stone staircase leading down.
A gnoll comes into view. It is wielding a +0 spear.
The gnoll shouts!
The gnoll barely misses you.
You completely miss the gnoll. The gnoll closely misses you.
You closely miss the gnoll. The gnoll hits you with a +0 spear!
Ouch! That really hurt!
The gnoll hits you but does no damage.
You barely miss the gnoll. The gnoll hits you with a +0 spear.
You slash the gnoll!
The gnoll is severely wounded.
The gnoll hits you with a +0 spear.
You die...

##########
#.....g@.#
..######.#
.######.#####
............##
.######......##
..........>#
####.......####
#..........#
##+#
##.....###.#


You could see a gnoll.

Vanquished Creatures
  A giant cockroach (D:1)
  A frilled lizard (D:1)
  2 kobolds (D:1)
  A rat (D:1)
5 creatures vanquished.

Notes
Turn   | Place    | Note
-------+----------+-------------------------------------------
     0 | D:1      | qw the Gargoyle Fighter began the quest for the Orb.
     0 | D:1      | Reached XP level 1. HP: 14/14 MP: 1/1
     0 | D:1      | 0 ||| qw: Version: 0.2-a-17-g06abaee
     0 | D:1      | 0 ||| qw: Game counter: 2170
     0 | D:1      | 0 ||| qw: Always use a shield: true
     0 | D:1      | 0 ||| qw: God list: Okawaru
     0 | D:1      | 0 ||| qw: Allow faded altars: false
     0 | D:1      | 0 ||| qw: Do Orc after D:15 true
     0 | D:1      | 0 ||| qw: Do second Lair branch before Depths: true
     0 | D:1      | 0 ||| qw: Lair rune preference: random
     0 | D:1      | 0 ||| qw: Plans: Normal, Zot:1-4, God:TSO, Crypt, Tomb,
                  | Pan, Slime:5, Hells, Abyss, Orb
     0 | D:1      | 0 ||| PLANNING D:1-11
   236 | D:1      | HP: 2/14 [gnoll/+0 spear (4)]
   237 | D:1      | Slain by a gnoll

Levels and vault maps discovered:
D:1:      dpeg_arrival_tiny_a, layout_loops_corners,
          wad_floor_pattern_untrapped, hangedman_decor_lopped

Skill      XL: |  1 |
---------------+----+-----
Axes           | 2 |  2.2
Fighting       | |  3.2
Armour         | |  3.2
Shields        | |  3.2

Action                   || total
-------------------------++-------
Melee: War axe           ||    17
Armor: Scale mail        ||     5
Dodge: Dodged            ||     6
Block: Buckler           ||     4

Table legend:
 A = Non-vault XP
 B = Vault XP
 C = Vault XP percentage of total XP
 D = Non-vault monster count
 E = Vault monster count
 F = Vault count percentage of total count
                 A         B        C        D         E       F
            +---------+---------+-------+---------+---------+-------
      Total |       7 |       0 |   0.0 |       5 |       0 |   0.0
            +---------+---------+-------+---------+---------+-------
        D:1 |       7 |       0 |   0.0 |       5 |       0 |   0.0
            +---------+---------+-------+---------+---------+-------
